 Dungeon Crawl Stone Soup version 0.30.1-11-g7821555f0a (webtiles) character file.

Game seed: 15079162607287041001

11632 Heoruswealwe the Eclecticist (level 11, -3/54 HPs)
             Began as a Deep Elf Conjurer on Dec 29, 2023.
             Was a Priest of Vehumet.
             Slain by a quicksilver ooze (11 damage)
             ... in an ice cave.
             The game lasted 01:47:19 (10901 turns).

Heoruswealwe the Eclecticist (Deep Elf Conjurer)   Turns: 10901, Time: 01:47:20

Health: -3/54      AC:  5    Str:  5    XL:     11   Next: 51%
Magic:  0/33       EV: 12    Int: 28    God:    Vehumet [***...]
Gold:   199        SH:  0    Dex: 13    Spells: 2/43 levels left

rFire   . . .        b - staff of conjuration
rCold   + + +        (no shield)
rNeg    + . .        c - +0 robe "Sumoe" {rElec rC+++ rN+ Str-5}
rPois   .            g - +0 helmet
rElec   +            h - +0 cloak
rCorr   .            (no gloves)
SInv    +            e - +0 pair of boots
Will    +....        (no amulet)
Stlth   ++           k - ring of see invisible
HPRegen 0.29/turn    j - +6 ring of strength
MPRegen 0.23/turn

%: no passive effects
@: engulfed (cannot breathe)
A: no striking features
a: Renounce Religion


You were in an ice cave.
You worshipped Vehumet.
Vehumet was most pleased with you.
You visited 3 branches of the dungeon, and saw 11 of its levels.
You also visited: Ice Cave.

You collected 541 gold pieces.
You spent 342 gold pieces at shops.

Inventory:

Hand Weapons
 a - a +0 war axe
Armour
 c - the +0 robe "Sumoe" (worn) {rElec rC+++ rN+ Str-5}
   (You found it on level 4 of the Dungeon)

   Str:       It affects your strength (-5).
   rC:        It renders you almost immune to cold.
   rElec:     It insulates you from electricity.
   rN:        It protects you from negative energy.
 e - a +0 pair of boots (worn)
 g - a +0 helmet (worn)
 h - a +0 cloak (worn)
 F - +1 steam dragon scales
Magical Staves
 b - a staff of conjuration (weapon)
 r - a staff of poison
Jewellery
 j - a +6 ring of strength (right hand)
 k - a ring of see invisible (left hand)
Wands
 w - a wand of flame (25)
 x - a wand of polymorph (3)
 y - a wand of charming (23)
 D - a wand of mindburst (17)
Scrolls
 n - 3 scrolls of enchant armour
 o - 3 scrolls of teleportation
 p - 2 scrolls of magic mapping
 B - 4 scrolls of amnesia
Potions
 f - a potion of resistance {unknown}
 i - a potion of mutation {unknown}
 l - 5 potions of curing
 m - 5 potions of heal wounds {unknown}
 q - a potion of cancellation {unknown}
 s - 3 potions of haste {unknown}
 t - 2 potions of flight {unknown}
 u - a potion of ambrosia {unknown}
 z - 2 potions of brilliance
 A - 2 potions of might {unknown}
Miscellaneous
 C - a lightning rod (4/4)


   Skills:
 - Level 2.4 Dodging
 - Level 2.4 Stealth
 + Level 16.8 Spellcasting
 + Level 14.7 Conjurations


You had 2 spell levels left.
You knew the following spells:

 Your Spells              Type           Power      Damage    Failure   Level
a - Magic Dart            Conj           100%       1d8       0%          1
b - Searing Ray           Conj           100%       2d8       0%          2
c - Momentum Strike       Conj/Tloc      100%       3d10      1%          2
d - Dazzling Flash        Conj/Hex       100%       N/A       1%          3
e - Iskenderun's Mystic   Conj/Tloc      77%        2d15      1%          4
f - Fulminant Prism       Conj/Hex       38%        3d17      1%          4
g - Flame Wave            Conj/Fire      77%        2d17      1%          4
h - Irradiate             Conj/Tmut      38%        3d24      1%          5
i - Iskenderun's Battles  Conj           100%       2d15      1%          5
j - Fireball              Conj/Fire      38%        3d16      1%          5
k - Conjure Ball Lightni  Conj/Air       38%        3x3d12    4%          6

Your spell library contained the following spells:

 Spells                   Type           Power      Damage    Failure   Level
 Lesser Beckoning         Tloc           46%        N/A       3%          2
 Sublimation of Blood     Necr           23%        N/A       3%          2
 Frozen Ramparts          Ice            46%        1d7       1%          3
 Ignite Poison            Fire/Tmut/Pois 23%        N/A       1%          3
 Sticky Flame             Conj/Fire      77%        2d9       1%          4
 Orb of Destruction       Conj           51%        9d13      1%          7
 Call Canine Familiar     Summ           23%        N/A       6%          3
 Gell's Gravitas          Tloc           23%        N/A       6%          3
 Portal Projectile        Hex/Tloc       46%        N/A       6%          3
 Teleport Other           Tloc           23%        N/A       6%          3
 Ice Form                 Ice/Tmut       23%        N/A       21%         4
 Leda's Liquefaction      Hex/Erth       11%        N/A       21%         4
 Petrify                  Tmut/Erth      23%        N/A       21%         4
 Summon Ice Beast         Ice/Summ       23%        N/A       21%         4
 Ignition                 Fire           11%        3d5       100%        8


Dungeon Overview and Level Annotations

Branches:
Dungeon (9/15)             Temple (1/1) D:6            Lair (1/5) D:9
  IceCv (1/1)
    Orc: D:9-12

Altars:
Ashenzari
Cheibriados
Dithmenos
Elyvilon
Fedhas
Gozag
Kikubaaqudgha
Makhleb
Nemelex Xobeh
Qazlal
Trog
Uskayaw
Vehumet
Wu Jian
Xom
Yredelemnul
Zin
The Shining One
Lugonu

Shops:
D:2 *(!   D:9 *


Message History

You feel a surge of power!
You erupt in a blast of force!
The mystic blast hits the quicksilver ooze!
The quicksilver ooze is severely wounded.
The quicksilver ooze is knocked back by the mystic blast.
You feel a surge of power!
The fireball explodes!
The fireball engulfs the quicksilver ooze!!
You kill the quicksilver ooze!
Vehumet accepts your kill.
You feel your power returning.
You start resting.
Magic restored.
A quicksilver ooze comes into view.
The quicksilver ooze moves out of view.
You feel a surge of power!
The fireball explodes!
The fireball engulfs the quicksilver ooze!!
The quicksilver ooze is heavily wounded.
You feel a surge of power!
The fireball explodes!
The fireball engulfs the quicksilver ooze!!
The quicksilver ooze is almost dead.
An azure jelly comes into view.
The quicksilver ooze hits you! The quicksilver ooze engulfs you!
The quicksilver ooze hits you.
You feel your power leaking away.
You cannot cast spells while unable to breathe!
You slip free of the ooze engulfing you.
You gasp with relief as air once again reaches your lungs.
The quicksilver ooze hits you! x2
You feel your power leaking away.
You feel better. The quicksilver ooze hits you!
The quicksilver ooze engulfs you!
The quicksilver ooze closely misses you.
The quicksilver ooze misses you. The quicksilver ooze hits you.
* * * LOW HITPOINT WARNING * * *
You feel your power leaking away.
You feel better.
Your lungs strain for air!
The quicksilver ooze hits you!
* * * LOW HITPOINT WARNING * * *
The quicksilver ooze hits you!
You die...

##...##...###...###...#
#...####..##....# #...#
#..## #..##....####..#
..## ##..##...##.##..#
..# #...##...#...#..#
.## ##...##..##......#
.# #....##..##......#
.# ##..####..##......#
## #...# #..##@.....# #
#..## #..##J##..## #
#..# ##..##..##.# #
#..## #..###..#### #
##..###..# #...# .#
#..##...# .J..# .#
#...#...# ..... ..
##......#....... ..#
##....##.......#


You could see an azure jelly and a quicksilver ooze.

Vanquished Creatures
  A quicksilver ooze (IceCv)
  2 two-headed ogres (D:8)
  An ice statue (IceCv)
  Joseph (D:8)
  A torpor snail (Lair:1)
  Maggie (D:6)
  A komodo dragon (D:9)
  A troll (D:9)
  Grinder (D:4)
  8 slime creatures (IceCv)
  4 yaks (Lair:1)
  A death yak simulacrum (Lair:1)
  The ghost of Anaz the Gusty, an amateur DgAE (D:4)
  2 water moccasins
  Duvessa (D:7)
  5 black bears
  2 orc warriors
  A sky beast (D:8)
  4 great orb of eyes simulacra (IceCv)
  An ogre (D:4)
  3 wolves (Lair:1)
  The ghost of tykejmi the Insei, an amateur DgTm (D:3)
  The ghost of RaderH2O the Firebug, an amateur DrFE (D:3)
  6 centaurs
  A phantom (D:5)
  3 slime creature simulacra (IceCv)
  2 gnoll sergeants
  4 kobold brigands
  3 bullfrogs
  3 scorpions
  12 wights
  Dowan (D:7)
  9 killer bees
  A crimson imp (D:7)
  A gnoll bouda (D:7)
  4 hounds
  4 jellies
  4 orc priests
  A sleepcap (D:5)
  2 iguanas
  7 orc wizards
  3 shapeshifter simulacra (IceCv)
  A hound zombie (D:3)
  22 gnolls
  3 adders
  A shadow imp (D:8)
  2 white imps (D:7)
  2 ufetubi
  2 worms
  3 dart slugs
  38 orcs
  5 ball pythons
  10 endoplasms
  5 giant cockroaches
  5 hobgoblins
  8 jackals (D:3)
  6 quokkas
  4 bats
  2 frilled lizards
  2 goblin skeletons (D:7)
  5 hobgoblin zombies (D:7)
  A jackal zombie (D:3)
  19 kobolds
  2 kobold zombies (D:7)
  13 rats
277 creatures vanquished.

Vanquished Creatures (others)
  3 fulminant prisms (D:8)
3 creatures vanquished.

Grand Total: 280 creatures vanquished

Notes
Turn   | Place    | Note
-------+----------+-------------------------------------------
     0 | D:1      | Heoruswealwe the Deep Elf Conjurer began the quest for the
                  | Orb.
     0 | D:1      | Reached XP level 1. HP: 10/10 MP: 6/6
   300 | D:1      | Reached XP level 2. HP: 15/15 MP: 0/8
   303 | D:1      | Learned a level 2 spell: Searing Ray
   840 | D:2      | Reached skill level 4 in Spellcasting
   884 | D:2      | Reached skill level 5 in Conjurations
   884 | D:2      | Reached XP level 3. HP: 19/19 MP: 2/10
   888 | D:2      | Learned a level 3 spell: Dazzling Flash
  1093 | D:2      | Found Xerghed's Distillery.
  1151 | D:2      | Found Zauriuh's Weapon Shoppe.
  1308 | D:2      | Found Yxonu's Assorted Antiques.
  1387 | D:2      | Bought a smoky amethyst potion for 23 gold pieces
  1387 | D:2      | Bought a scroll labelled OPLAOLLISA for 26 gold pieces
  1387 | D:2      | Bought a scroll labelled DER EWAEG LUKKI for 26 gold pieces
  1671 | D:2      | Bought a fuming inky potion for 23 gold pieces
  1671 | D:2      | Bought a glowing pink potion for 23 gold pieces
  1877 | D:3      | Reached XP level 4. HP: 24/24 MP: 9/12
  1916 | D:3      | Found a burning altar of Makhleb.
  2042 | D:3      | Found a runed translucent door.
  2046 | D:3      | Noticed tykejmi's ghost (amateur DgTm)
  2075 | D:3      | Found a runed translucent gate.
  2075 | D:3      | Found a runed translucent gate.
  2075 | D:3      | Found a runed translucent gate.
  2075 | D:3      | Noticed RaderH2O's ghost (amateur DrFE)
  2077 | D:3      | Found a basalt altar of Yredelemnul.
  2087 | D:3      | Reached skill level 5 in Spellcasting
  2122 | D:3      | Learned a level 4 spell: Fulminant Prism
  2476 | D:3      | Killed RaderH2O's ghost
  2477 | D:3      | Reached XP level 5. HP: 13/28 MP: 12/15
  2482 | D:3      | Learned a level 4 spell: Iskenderun's Mystic Blast
  2543 | D:3      | Killed tykejmi's ghost
  2544 | D:3      | Reached skill level 6 in Spellcasting
  2544 | D:3      | Reached XP level 6. HP: 26/32 MP: 7/17
  2605 | D:3      | You fall into a shaft and drop 2 floors!
  2605 | D:5      | Entered Level 5 of the Dungeon
  2741 | D:5      | Reached skill level 7 in Spellcasting
  3019 | D:4      | Found a runed translucent door.
  3020 | D:4      | Noticed Grinder
  3037 | D:4      | Killed Grinder
  3038 | D:4      | Reached skill level 8 in Spellcasting
  3038 | D:4      | Reached XP level 7. HP: 34/36 MP: 8/20
  3231 | D:4      | Noticed Anaz's ghost (amateur DgAE)
  3241 | D:4      | Learned a level 5 spell: Iskenderun's Battlesphere
  3247 | D:4      | HP: 1/36 [Anaz's ghost/zap (9)]
  3251 | D:4      | Killed Anaz's ghost
  3252 | D:4      | Reached skill level 9 in Spellcasting
  3252 | D:4      | Reached XP level 8. HP: 2/41 MP: 10/23
  3258 | D:4      | Learned a level 5 spell: Fireball
  3557 | D:2      | Bought a potion of degeneration for 13 gold pieces
  3557 | D:2      | Bought a potion of attraction for 39 gold pieces
  3907 | D:4      | Identified the +0 robe "Sumoe" {rElec rC+++ rN+ Str-5}
  4447 | D:5      | Reached skill level 10 in Spellcasting
  4946 | D:6      | Found a staircase to the Ecumenical Temple.
  4970 | Temple   | Entered the Ecumenical Temple
  5004 | Temple   | Became a worshipper of Vehumet
  5141 | D:6      | Noticed Maggie
  5154 | D:6      | Killed Maggie
  5155 | D:6      | Reached skill level 11 in Spellcasting
  5155 | D:6      | Reached skill level 10 in Conjurations
  5445 | D:6      | Reached XP level 9. HP: 45/45 MP: 18/26
  6127 | D:7      | Reached * piety under Vehumet
  6127 | D:7      | Offered knowledge of Freeze by Vehumet.
  6128 | D:7      | Reached skill level 12 in Spellcasting
  6134 | D:7      | Learned a level 5 spell: Irradiate
  6693 | D:7      | Found a glowing golden altar of the Shining One.
  7080 | D:7      | Noticed Duvessa
  7081 | D:7      | Noticed Dowan
  7086 | D:7      | Killed Duvessa
  7087 | D:7      | Reached skill level 13 in Spellcasting
  7087 | D:7      | Killed Dowan
  7494 | D:2      | Bought a potion of lignification for 39 gold pieces
  7494 | D:2      | Bought a potion of curing for 39 gold pieces
  7494 | D:2      | Bought a potion of curing for 39 gold pieces
  7494 | D:2      | Bought a potion of brilliance for 52 gold pieces
  8078 | D:8      | Found an opulent altar of Gozag.
  8078 | D:8      | Found a glowing silver altar of Zin.
  8078 | D:8      | Noticed a two-headed ogre
  8084 | D:8      | Killed a two-headed ogre
  8085 | D:8      | Reached XP level 10. HP: 50/50 MP: 15/29
  8155 | D:8      | Reached ** piety under Vehumet
  8155 | D:8      | Offered knowledge of Momentum Strike by Vehumet.
  8160 | D:8      | Learned a level 2 spell: Momentum Strike
  8304 | D:8      | Noticed Joseph
  8317 | D:8      | Killed Joseph
  8318 | D:8      | Reached skill level 14 in Spellcasting
  8451 | D:8      | Learned a level 6 spell: Conjure Ball Lightning
  8473 | D:8      | Noticed a two-headed ogre
  8480 | D:8      | Killed a two-headed ogre
  8642 | D:8      | Offered knowledge of Poisonous Vapours by Vehumet.
  8763 | D:8      | Found a shimmering altar of Xom.
  8788 | D:8      | Found a hide-covered altar of Uskayaw.
  8805 | D:8      | Found an ornate altar of the Wu Jian Council.
  8812 | D:8      | Found a stormy altar of Qazlal.
  9172 | D:9      | Found Soequpsi's Demolitions Depot.
  9318 | D:9      | Reached *** piety under Vehumet
  9556 | D:9      | Reached skill level 15 in Spellcasting
 10057 | D:9      | Found a staircase to the Lair.
 10194 | Lair:1   | Entered Level 1 of the Lair of Beasts
 10194 | Lair:1   | Noticed a torpor snail
 10194 | Lair:1   | Found a frozen archway.
 10202 | Lair:1   | Reached XP level 11. HP: 25/54 MP: 24/32
 10264 | Lair:1   | Offered knowledge of Flame Wave by Vehumet.
 10270 | Lair:1   | Learned a level 4 spell: Flame Wave
 10360 | IceCv    | Entered an ice cave
 10377 | IceCv    | Reached skill level 16 in Spellcasting
 10818 | IceCv    | Noticed a quicksilver ooze
 10822 | IceCv    | Killed a quicksilver ooze
 10894 | IceCv    | Noticed a quicksilver ooze
 10897 | IceCv    | Noticed an azure jelly
 10901 | IceCv    | Slain by a quicksilver ooze

Illustrated notes

Levels and vault maps discovered:
D:1:      elethiomel_arrival_quiet, layout_basic
D:2:      layout_basic, serial_shops, shop, nicolae_shop_bloodbath_and_beyond,
          shop, minmay_rat_gold_closets
D:3:      layout_basic, nicolae_yredelemnul_ghost_church, old_standard_altar,
          hellmonk_ghost_happy_afterlife
D:4:      layout_loops_ring, ebering_ghost_inner_flame, uniq_grinder
D:5:      layout_gridville
D:6:      layout_loops_corners, minmay_temple_entry_offerings, uniq_maggie
D:7:      layout_layer_cave, nicolae_tso_besieged_by_evil, uniq_duvessa
D:8:      layout_basic, grunt_temple_overflow_gold_and_silver,
          nicolae_overflow_quartered_altars, special_room [special_room_orc],
          kb_lookout_dungeons_type, grunt_ministairs_13,
          minmay_misc_feat_columns, chequers_mini_garden, uniq_joseph
D:9:      layout_loops_ring, david_lair_shrubbed, nrook_loot_triangle,
          nicolae_blasting_shop, minmay_misc_feat_room
Temple:   corrupted_temple
Lair:1:   layout_regular_city, portal_ice_cave_entry_ice_simulacra
IceCv:    ice_cave_hellmonk_azure_passage

Skill      XL: |  1  2  3  4  5  6  7  8  9 10 11 |
---------------+----------------------------------+-----
Spellcasting   | 4 5 6 8 9 11 13 15 16 | 16.8
Conjurations   | 5 6 7 8 10 12 13 14 | 14.7
Dodging        | |  2.4
Stealth        | |  2.4

Action                     |  1- 3 |  4- 6 |  7- 9 | 10-12 || total
---------------------------+-------+-------+-------+-------++-------
  Melee: Long sword        |       |    10 |     9 |       ||    19
         War axe           |       |       |   119 |     5 ||   124
         Punch             |       |       |     4 |       ||     4
   Cast: Magic Dart        |    84 |    59 |   129 |    75 ||   347
         Searing Ray       |       |    17 |    32 |     8 ||    57
         Iskenderun's Myst |       |       |    19 |    41 ||    60
         Iskenderun's Batt |       |       |     3 |       ||     3
         Fulminant Prism   |       |       |     2 |     1 ||     3
         Fireball          |       |       |     1 |    46 ||    47
    Use: Potion            |       |     1 |     3 |     3 ||     7
         Scroll            |       |       |    10 |     2 ||    12
 Armour: Robe              |     6 |    17 |    40 |    15 ||    78
  Dodge: Dodged            |     4 |    42 |    60 |    37 ||   143
